[Event "Titled Tuesday Blitz December 27 Late 2022"]
[White "Martin Carmona, Gaston Manuel"]
[Black "Harish, Neeraj"]
[WhiteFideId "22284567"]
[BlackFideId "30958130"]
[WhiteElo "2333"]
[BlackElo "2232"]
[Result "1-0"]
[Round "03"]
[TimeControl "180+2"]
[Date "2022.12.27"]
[WhiteClock "0:02:27"]
[BlackClock "0:00:20"]

1. Nf3 d5 2. d4 Nf6 3. c4 e6 4. g3 Be7 5. Bg2 O-O 6. O-O dxc4 7. Qc2 a6 8. a4 Bd7 9. Qxc4 Bc6 10. Bf4 a5 11. Nc3 Na6 12. Rac1 Nb4 13. Rfd1 Bd6 14. Bg5 h6 15. Bxf6 Qxf6 16. e4 Qd8 17. h4 Be7 18. Ne5 Bf6 19. Nxc6 Nxc6 20. e5 Be7 21. Bxc6 bxc6 22. Qxc6 Qb8 23. Nb5 Rc8 24. Kg2 Qb6 25. Rc4 Rab8 26. Rdc1 Qxc6+ 27. Rxc6 Bd8 28. Nd6 Rxb2 29. Nxc8 Rb8 30. Na7 1-0


[Site "https://www.chess.com"]

[Event "Titled Tuesday Blitz December 27 Late 2022"]
[White "Martinez Alcantara, Jose Eduardo"]
[Black "Pakleza, Zbigniew"]
[WhiteFideId "3805662"]
[BlackFideId "1119290"]
[WhiteElo "2619"]
[BlackElo "2494"]
[Result "1-0"]
[Round "03"]
[TimeControl "180+2"]
[Date "2022.12.27"]
[WhiteClock "0:00:34"]
[BlackClock "0:00:08"]

1. e4 d6 2. d4 Nf6 3. Bd3 e5 4. c3 d5 5. dxe5 dxe4 6. Bb5+ c6 7. Qxd8+ Kxd8 8. exf6 cxb5 9. fxg7 Bxg7 10. Nd2 Bf5 11. Ne2 Re8 12. Nb3 Nc6 13. Bf4 b6 14. O-O Ke7 15. Ng3 Bg6 16. Rae1 Kf8 17. Nd2 f5 18. f3 exf3 19. Nxf3 Rxe1 20. Rxe1 Re8 21. Rd1 Ne5 22. Nxe5 Bxe5 23. Bxe5 Rxe5 24. Rd4 Ke7 25. Kf2 a5 26. Ne2 Bf7 27. a3 Bc4 28. Nf4 Rc5 29. Rd2 Bf7 30. Ne2 Be6 31. Nd4 Bd7 32. Ke3 Rc4 33. g3 b4 34. axb4 axb4 35. Kd3 b5 36. cxb4 Rxb4 37. b3 Be6 38. Nc6+ 1-0


[Site "https://www.chess.com"]

[Event "Titled Tuesday Blitz December 27 Late 2022"]
[White "Martinez Ramirez, Lennis"]
[Black "Bambino Filho, Antonio Carlos"]
[WhiteFideId "3509079"]
[BlackFideId "2113163"]
[WhiteElo "2426"]
[BlackElo "2144"]
[Result "0-1"]
[Round "03"]
[TimeControl "180+2"]
[Date "2022.12.27"]
[WhiteClock "0:00:02"]
[BlackClock "0:00:21"]

1. c4 c5 2. Nf3 Nc6 3. Nc3 e5 4. g3 g6 5. Bg2 Bg7 6. O-O Nge7 7. Ne1 f5 8. Nc2 f4 9. d3 O-O 10. e3 g5 11. Be4 d6 12. Kh1 Be6 13. gxf4 exf4 14. Rg1 d5 15. cxd5 Nxd5 16. Rxg5 Qxg5 17. exf4 Nxf4 18. Ne2 Be5 19. Be3 Qh4 20. Ng3 Nd4 21. Ne1 Nfe2 22. Ng2 Qh3 23. f4 Nxg3+ 24. Kg1 Nxe4 25. fxe5 Nf3+ 26. Qxf3 Rxf3 27. Re1 Raf8 28. dxe4 Bc4 29. Nf4 R8xf4 30. Bxf4 Rf1+ 0-1


[Site "https://www.chess.com"]

[Event "Titled Tuesday Blitz December 27 Late 2022"]
[White "Martinez Reyes, Pedro Ramon"]
[Black "Foisor, Sabina-Francesca"]
[WhiteFideId "3901807"]
[BlackFideId "1212915"]
[WhiteElo "2376"]
[BlackElo "2185"]
[Result "1-0"]
[Round "03"]
[TimeControl "180+2"]
[Date "2022.12.27"]
[WhiteClock "0:00:23"]
[BlackClock "0:00:02"]

1. d4 d5 2. Bf4 e6 3. Nf3 Bd6 4. Bg3 Nf6 5. e3 O-O 6. Nbd2 c5 7. c3 b6 8. Bd3 Ba6 9. Bc2 Nc6 10. Ne5 Rc8 11. f4 Ne7 12. Bf2 g6 13. Bh4 Nf5 14. Bxf6 Qxf6 15. Nd7 Qh4+ 16. g3 Nxg3 17. Nf3 Qh3 18. Kf2 Nxh1+ 19. Qxh1 Be7 20. Nxf8 Bh4+ 21. Kg1 Rxf8 22. Qg2 Qxg2+ 23. Kxg2 Be7 24. Ne5 Bd6 25. a4 f6 26. Nc6 Rf7 27. b4 cxd4 28. b5 Bb7 29. Nxd4 e5 30. Nc6 Rd7 31. Bb3 Bc5 32. fxe5 fxe5 33. Rd1 Kg7 34. Bxd5 Bxe3 35. Kf3 Bc5 36. Ke4 a6 37. c4 axb5 38. axb5 Rd6 39. Nxe5 Rf6 40. Bxb7 Rf2 41. Rd7+ Kh6 42. Ng4+ Kg5 43. Nxf2 1-0


[Site "https://www.chess.com"]

[Event "Titled Tuesday Blitz December 27 Late 2022"]
[White "Matinian, Nikita"]
[Black "Steinberg, Nitzan"]
[WhiteFideId "24129100"]
[BlackFideId "2801795"]
[WhiteElo "2407"]
[BlackElo "2546"]
[Result "1-0"]
[Round "03"]
[TimeControl "180+2"]
[Date "2022.12.27"]
[WhiteClock "0:00:03"]
[BlackClock "0:00:02"]

1. e4 c5 2. Nf3 e6 3. d4 cxd4 4. Nxd4 Nc6 5. Nc3 Qc7 6. Be2 a6 7. O-O Nf6 8. Bg5 Be7 9. Kh1 Ng4 10. Bxg4 Bxg5 11. Nxc6 dxc6 12. g3 Bf6 13. f4 e5 14. Bxc8 Rxc8 15. f5 h5 16. Qf3 Qb6 17. Nd1 Rd8 18. b3 h4 19. g4 h3 20. Nf2 Rd2 21. Nxh3 Qd4 22. c3 Qd6 23. Nf2 Bg5 24. Kg2 Ke7 25. Rad1 Rd8 26. Rxd2 Qxd2 27. Rd1 Qxa2 28. Rxd8 Kxd8 29. Qd1+ Ke7 30. Kf1 Bh4 31. Qe2 Qxb3 32. Nd1 a5 33. Kg2 a4 34. Qd3 a3 35. f6+ gxf6 36. Ne3 Qe6 37. Nf5+ Kf8 38. Qd8+ Qe8 39. Qd6+ Kg8 40. Qxa3 Bg5 41. Qd6 Qe6 42. Qd8+ Kh7 43. Qf8 Qa2+ 44. Kh3 1-0


[Site "https://www.chess.com"]

[Event "Titled Tuesday Blitz December 27 Late 2022"]
[White "Mesa Cruz, Juan Carlos"]
[Black "Grigorov, Grigor"]
[WhiteFideId "6423400"]
[BlackFideId "2907313"]
[WhiteElo "2122"]
[BlackElo "2510"]
[Result "0-1"]
[Round "03"]
[TimeControl "180+2"]
[Date "2022.12.27"]
[WhiteClock "0:00:02"]
[BlackClock "0:01:13"]

1. e4 c6 2. Nc3 d5 3. Nf3 dxe4 4. Nxe4 Nf6 5. Qe2 Nxe4 6. Qxe4 Be6 7. Ng5 Bd5 8. Qh4 c5 9. Bb5+ Nc6 10. O-O a6 11. Be2 Nd4 12. Bd1 h6 13. c3 Nf5 14. Qf4 e6 15. Nf3 Bd6 16. Qa4+ b5 17. Qc2 c4 18. Be2 Qc7 19. h3 O-O 20. b3 Rad8 21. bxc4 bxc4 22. a4 Bc5 23. Ba3 Ng3 24. Qd1 Nxf1 25. Bxf1 Bxa3 26. Rxa3 Rb8 0-1


[Site "https://www.chess.com"]

[Event "Titled Tuesday Blitz December 27 Late 2022"]
[White "Mitrovic, Darko R"]
[Black "Kujawski, Adam"]
[WhiteFideId "927023"]
[BlackFideId "1100920"]
[WhiteElo "2220"]
[BlackElo "2173"]
[Result "0-1"]
[Round "03"]
[TimeControl "180+2"]
[Date "2022.12.27"]
[WhiteClock "0:00:01"]
[BlackClock "0:01:11"]

1. d4 Nf6 2. Nf3 c5 3. d5 e6 4. c4 exd5 5. cxd5 d6 6. Nc3 g6 7. e4 Bg7 8. Be2 O-O 9. O-O Nbd7 10. a4 Re8 11. Nd2 Ne5 12. f3 g5 13. Nc4 Nxc4 14. Bxc4 h6 15. Bd3 Nd7 16. f4 gxf4 17. Bxf4 Ne5 18. Bc2 Qh4 19. Bg3 Qg4 20. Nb5 Rd8 21. Rf4 Qxd1+ 22. Rxd1 b6 23. b3 a6 24. Na3 Ra7 25. Nc4 Nxc4 26. bxc4 Be5 27. Rh4 Bxg3 28. hxg3 Kg7 29. Rb1 Rb7 30. Rf4 Bd7 31. Bd1 f6 32. Rf2 Rdb8 33. Rfb2 b5 34. axb5 axb5 35. cxb5 Rxb5 36. Rxb5 Rxb5 37. Rxb5 Bxb5 38. Kf2 Kg6 39. Ke3 Kg5 40. Bf3 Bd7 41. Bd1 Bg4 42. Ba4 Bc8 43. Bd1 f5 44. exf5 Kxf5 45. Bf3 Ke5 46. g4 Bb7 0-1


[Site "https://www.chess.com"]

[Event "Titled Tuesday Blitz December 27 Late 2022"]
[White "Moral Garcia, Serafin"]
[Black "Freile Martin, Javier"]
[WhiteFideId "2201925"]
[BlackFideId "3600165"]
[WhiteElo "2238"]
[BlackElo "2329"]
[Result "1-0"]
[Round "03"]
[TimeControl "180+2"]
[Date "2022.12.27"]
[WhiteClock "0:00:31"]
[BlackClock "0:00:17"]

1. c4 Nf6 2. Nc3 g6 3. g3 Bg7 4. Bg2 O-O 5. d3 d6 6. Rb1 Nbd7 7. e3 e5 8. Nf3 Re8 9. O-O e4 10. dxe4 Nxe4 11. Nxe4 Rxe4 12. b3 Ne5 13. Nd4 Rg4 14. f3 Rxd4 15. exd4 Nc6 16. Bb2 Bf5 17. Rc1 Nb4 18. g4 Bd7 19. a3 Nc6 20. Qd2 Qh4 21. Rce1 Bh6 22. Qf2 Qd8 23. d5 Ne5 24. Bxe5 dxe5 25. Rxe5 Bf4 26. Re4 Qf6 27. Rfe1 b6 28. Qd4 Qh4 29. h3 Bd6 30. b4 Qg3 31. Qf2 Qh2+ 32. Kf1 Bg3 33. Qg1 Qxg1+ 34. Kxg1 Bxe1 35. Rxe1 Re8 36. Rxe8+ Bxe8 37. f4 Kf8 38. Kf2 Ke7 39. Ke3 Kd6 40. Kd4 c5+ 41. dxc6 Bxc6 42. Bxc6 Kxc6 43. Ke5 a5 44. Kf6 axb4 45. axb4 b5 46. cxb5+ Kxb5 47. Kxf7 Kxb4 48. Kg7 1-0


[Site "https://www.chess.com"]

[Event "Titled Tuesday Blitz December 27 Late 2022"]
[White "Moreno Perez, Tobias Sebastian"]
[Black "Korchmar, Vasiliy"]
[WhiteFideId "186716"]
[BlackFideId "24131750"]
[WhiteElo "2256"]
[BlackElo "2438"]
[Result "0-1"]
[Round "03"]
[TimeControl "180+2"]
[Date "2022.12.27"]
[WhiteClock "0:00:10"]
[BlackClock "0:01:11"]

1. d4 Nf6 2. Bf4 d5 3. e3 c5 4. c3 Nc6 5. Nd2 Bf5 6. Ngf3 Qb6 7. Qb3 c4 8. Qxb6 axb6 9. a3 e6 10. Rc1 h6 11. h3 b5 12. Be2 Nd7 13. O-O Nb6 14. Bd1 Na4 15. Bxa4 bxa4 16. Rfe1 Be7 17. e4 Bh7 18. exd5 exd5 19. Bd6 f6 20. Bxe7 Nxe7 21. Re6 Kd7 22. Rce1 Nc6 23. R6e3 Ra5 24. Nf1 Rb5 25. R1e2 Ra8 26. Ng3 Bg6 27. Nh4 Bd3 28. Rd2 g6 29. Ne2 g5 30. Nf3 Ra6 31. Nc1 Bb1 32. Nh2 Rab6 33. Ree2 Na5 34. Nf1 Nb3 35. Nxb3 Rxb3 36. Ne3 Bd3 37. Nxd5 Rd6 38. Re7+ Kd8 0-1


[Site "https://www.chess.com"]

[Event "Titled Tuesday Blitz December 27 Late 2022"]
[White "Movahed, Sina"]
[Black "Bjelobrk, Igor"]
[WhiteFideId "42520835"]
[BlackFideId "4300726"]
[WhiteElo "2340"]
[BlackElo "2403"]
[Result "1-0"]
[Round "03"]
[TimeControl "180+2"]
[Date "2022.12.27"]
[WhiteClock "0:00:57"]
[BlackClock "0:00:32"]

1. e4 e5 2. Nf3 Nc6 3. Bb5 a6 4. Ba4 Bc5 5. O-O Nge7 6. c3 Ng6 7. d4 Ba7 8. d5 Nce7 9. d6 cxd6 10. c4 Qc7 11. Nc3 O-O 12. h4 f6 13. h5 Nh8 14. Qe2 Nf7 15. Rd1 Kh8 16. Nh4 Bd4 17. Nd5 Nxd5 18. cxd5 Re8 19. Rd3 b5 20. Bb3 Bb7 21. Bd2 Qb6 22. Rf1 Ng5 23. Nf5 Rac8 24. Qg4 h6 25. Kh2 Bxf2 26. Bxg5 fxg5 27. Rf3 Bc5 28. Nxg7 Be3 29. Nf5 Bf4+ 30. g3 1-0


[Site "https://www.chess.com"]

[Event "Titled Tuesday Blitz December 27 Late 2022"]
[White "Msellek, Ilyass"]
[Black "Papayan, Oleg"]
[WhiteFideId "675938"]
[BlackFideId "4193911"]
[WhiteElo "2420"]
[BlackElo "2253"]
[Result "1-0"]
[Round "03"]
[TimeControl "180+2"]
[Date "2022.12.27"]
[WhiteClock "0:01:01"]
[BlackClock "0:00:01"]

1. d4 Nf6 2. Nf3 d5 3. g3 c5 4. c3 Nc6 5. Bg2 Bf5 6. O-O e6 7. Bf4 Qb6 8. Qb3 c4 9. Qxb6 axb6 10. a3 b5 11. Nbd2 Ne4 12. Nh4 Kd7 13. Nxf5 exf5 14. Nxe4 fxe4 15. f3 f5 16. fxe4 dxe4 17. g4 fxg4 18. Bxe4 g6 19. Bxc6+ Kxc6 20. Be5 Rg8 21. Rf7 h5 22. Raf1 Bd6 23. Bxd6 Kxd6 24. R1f6+ Kd5 25. Re7 b4 26. e4# 1-0


[Site "https://www.chess.com"]

[Event "Titled Tuesday Blitz December 27 Late 2022"]
[White "Myers, Dominique"]
[Black "Poltorak, Sebastian"]
[WhiteFideId "2041715"]
[BlackFideId "1199498"]
[WhiteElo "2042"]
[BlackElo "2354"]
[Result "0-1"]
[Round "03"]
[TimeControl "180+2"]
[Date "2022.12.27"]
[WhiteClock "0:01:38"]
[BlackClock "0:01:34"]

1. e4 c5 2. Nf3 Nc6 3. d4 cxd4 4. c3 Nf6 5. e5 Nd5 6. Bc4 Nb6 7. Bb3 d5 8. cxd4 Bg4 9. Be3 e6 10. a3 Be7 11. O-O Rc8 12. Nc3 a6 13. Rc1 Na5 14. Bc2 Nac4 15. Rb1 Nxe3 16. fxe3 Nc4 17. Qd3 Bf5 18. Qe2 Bxc2 19. Qxc2 Nxe3 20. Qf2 Nxf1 21. Rxf1 O-O 22. Qg3 Qb6 23. Rf2 Bxa3 24. Ne2 Qxb2 25. h4 Rc2 26. Kf1 Qb1+ 27. Ne1 Bb4 28. Rf3 Qxe1+ 29. Qxe1 Bxe1 30. Kxe1 Rfc8 31. Rb3 b5 32. Ra3 R8c6 33. Kd1 R2c4 34. g4 Ra4 35. Rb3 b4 36. Kd2 a5 37. Nc1 Ra3 38. Rb2 Rc4 39. Nb3 a4 40. Nc5 b3 41. Kd3 Ra2 42. Rb1 b2 43. g5 a3 44. h5 Ra1 0-1


[Site "https://www.chess.com"]

[Event "Titled Tuesday Blitz December 27 Late 2022"]
[White "Novikov, Evgenij"]
[Black "Mendez Fortes, Eduardo Jesus"]
[WhiteFideId "4125380"]
[BlackFideId "3502376"]
[WhiteElo "2276"]
[BlackElo "2250"]
[Result "1-0"]
[Round "03"]
[TimeControl "180+2"]
[Date "2022.12.27"]
[WhiteClock "0:00:14"]
[BlackClock "0:00:14"]

1. e4 e5 2. Nf3 Nc6 3. Bb5 Nf6 4. d4 exd4 5. O-O a6 6. Bxc6 dxc6 7. Nxd4 Be7 8. Nc3 c5 9. Nf5 O-O 10. Qf3 Bxf5 11. exf5 c6 12. Be3 Re8 13. Rad1 Qb6 14. b3 Qa5 15. Bd2 Qc7 16. Bf4 Qa5 17. Bd2 Qa3 18. g4 Rad8 19. g5 Nd5 20. Ne4 Bf8 21. g6 fxg6 22. fxg6 hxg6 23. Ng5 Nf6 24. Bc3 Rxd1 25. Rxd1 Be7 26. Qd3 Rd8 27. Qc4+ Kh8 28. Nf7+ Kh7 29. Nxd8 Bxd8 30. Rxd8 Qc1+ 31. Kg2 Qg5+ 32. Kf1 Qc1+ 33. Be1 Qh6 34. h4 b5 35. Qxc5 Qxh4 36. Qf8 Qh1+ 37. Ke2 Qe4+ 38. Kd2 g5 39. Qh8+ Kg6 40. Qh3 Qb4+ 41. Kd1 Qe7 42. Qd3+ Kf7 43. Rd4 c5 44. Rd6 c4 45. bxc4 bxc4 46. Qxc4+ Kg6 47. Qd3+ Kh6 48. Bc3 g4 49. Bxf6 gxf6 50. Qe3+ 1-0


[Site "https://www.chess.com"]

[Event "Titled Tuesday Blitz December 27 Late 2022"]
[White "Omariev, Maksim"]
[Black "gshwbedhkhd"]
[WhiteFideId "4193423"]
[WhiteElo "2304"]
[BlackElo "2538"]
[Result "0-1"]
[Round "03"]
[TimeControl "180+2"]
[Date "2022.12.27"]
[WhiteClock "0:00:02"]
[BlackClock "0:00:20"]

1. e4 c6 2. Nc3 d5 3. Nf3 Bg4 4. h3 Bh5 5. exd5 cxd5 6. Bb5+ Nc6 7. g4 Bg6 8. Ne5 Rc8 9. h4 f6 10. Nxc6 bxc6 11. Ba6 Rb8 12. h5 Bf7 13. d4 e5 14. Qe2 Bd6 15. b3 Ne7 16. dxe5 fxe5 17. h6 g6 18. Bb2 Qa5 19. O-O-O O-O 20. Kb1 Rb6 21. Bd3 Rb4 22. f3 Rfb8 23. Rhe1 c5 24. Be4 d4 25. Ba1 c4 26. f4 cxb3 27. cxb3 Bxb3 28. axb3 Rxb3+ 29. Bb2 Rxb2+ 30. Qxb2 Rxb2+ 31. Kxb2 Qxc3+ 32. Kb1 Ba3 0-1


[Site "https://www.chess.com"]

[Event "Titled Tuesday Blitz December 27 Late 2022"]
[White "Perez Ponsa, Federico"]
[Black "Antonica, Dragos-Andrei"]
[WhiteFideId "117927"]
[BlackFideId "1246372"]
[WhiteElo "2532"]
[BlackElo "2373"]
[Result "1-0"]
[Round "03"]
[TimeControl "180+2"]
[Date "2022.12.27"]
[WhiteClock "0:01:08"]
[BlackClock "0:00:15"]

1. d4 Nf6 2. c4 e6 3. Nc3 Bb4 4. Qc2 b6 5. e4 Bb7 6. Bd3 Bxc3+ 7. bxc3 d6 8. f4 e5 9. Nf3 Nbd7 10. O-O Qe7 11. fxe5 dxe5 12. Bg5 h6 13. Bh4 O-O-O 14. Rfe1 g5 15. Bg3 exd4 16. cxd4 Nh5 17. Bf2 Nf4 18. Bf1 g4 19. Nh4 Rde8 20. Nf5 Qf6 21. d5 Ne5 22. c5 Kb8 23. cxb6 cxb6 24. Bg3 Nfg6 25. a4 h5 26. a5 h4 27. Bf2 g3 28. hxg3 hxg3 29. Bxg3 Rc8 30. Qb2 Qg5 31. axb6 1-0


[Site "https://www.chess.com"]

[Event "Titled Tuesday Blitz December 27 Late 2022"]
[White "Petrovic, Aleksa"]
[Black "Kourkoulos-Arditis, Stamatis"]
[WhiteFideId "967629"]
[BlackFideId "4221990"]
[WhiteElo "2332"]
[BlackElo "2539"]
[Result "1-0"]
[Round "03"]
[TimeControl "180+2"]
[Date "2022.12.27"]
[WhiteClock "0:00:11"]
[BlackClock "0:00:07"]

1. d4 c5 2. d5 Nf6 3. Nc3 g6 4. e4 d6 5. Nf3 Bg7 6. h3 O-O 7. a4 e6 8. dxe6 Bxe6 9. Be2 d5 10. exd5 Nxd5 11. Nxd5 Bxd5 12. O-O Nc6 13. c3 Re8 14. Be3 b6 15. Qc2 Be4 16. Qb3 h6 17. Rad1 Qc7 18. Nd2 Na5 19. Qa2 Bc2 20. Rc1 Bf5 21. Bb5 Re7 22. b4 Nb7 23. Rfe1 Rd8 24. Nc4 Be4 25. a5 Kh7 26. a6 Nd6 27. Bf4 Re6 28. Nxd6 Rdxd6 29. Bxd6 Qxd6 30. Bc4 Re5 31. Bxf7 cxb4 32. Rcd1 Qc6 33. Bg8+ Kh8 34. Rd8 Bf6 35. Bd5+ 1-0


[Site "https://www.chess.com"]

[Event "Titled Tuesday Blitz December 27 Late 2022"]
[White "Pham, Khoi"]
[Black "Araujo, Everson De Moura"]
[WhiteFideId "1054988"]
[BlackFideId "22737197"]
[WhiteElo "2355"]
[BlackElo "1944"]
[Result "1-0"]
[Round "03"]
[TimeControl "180+2"]
[Date "2022.12.27"]
[WhiteClock "0:01:43"]
[BlackClock "0:00:58"]

1. c4 c5 2. Nc3 Nc6 3. g3 g6 4. Bg2 Bg7 5. Nf3 e5 6. d3 Nge7 7. O-O d6 8. a3 Be6 9. Rb1 a5 10. Nb5 O-O 11. Ng5 Bg4 12. h3 Bd7 13. Nxd6 Bxh3 14. Ngxf7 Rxf7 15. Nxf7 Kxf7 16. Bxh3 Nd4 17. Bd2 a4 18. Bc3 Nec6 19. e3 Nb3 20. Qf3+ Kg8 21. Be6+ Kh8 22. Bd5 Qc7 23. Qe4 Rb8 24. f4 exf4 25. Qxf4 Bxc3 26. Qxc7 1-0


[Site "https://www.chess.com"]

[Event "Titled Tuesday Blitz December 27 Late 2022"]
[White "Pinheiro, Iung Alicio de O."]
[Black "Weisz, Bryan"]
[WhiteFideId "2104350"]
[BlackFideId "30934133"]
[WhiteElo "2306"]
[BlackElo "1973"]
[Result "0-1"]
[Round "03"]
[TimeControl "180+2"]
[Date "2022.12.27"]
[WhiteClock "0:00:01"]
[BlackClock "0:00:31"]

1. e4 Nf6 2. e5 Nd5 3. d4 d6 4. Nf3 dxe5 5. Nxe5 Nd7 6. Nf3 N7f6 7. c4 Nb6 8. Nc3 Bf5 9. c5 Nbd5 10. Qb3 Rb8 11. Bc4 e6 12. O-O Be7 13. Bg5 O-O 14. Rad1 b6 15. c6 Nb4 16. Bxf6 gxf6 17. Rd2 Nxc6 18. d5 Na5 19. Qa4 Nxc4 20. Qxc4 Bd6 21. Nh4 Bg6 22. dxe6 Bxh2+ 23. Kxh2 Qxd2 24. Nxg6 hxg6 25. Ne4 Qf4+ 26. g3 Qf5 27. e7 Rfe8 28. Qc6 Kg7 29. Kg2 Rxe7 0-1


[Site "https://www.chess.com"]

[Event "Titled Tuesday Blitz December 27 Late 2022"]
[White "Poliakova, Varvara"]
[Black "Vifleemskaia, Svetlana"]
[WhiteFideId "13518313"]
[BlackFideId "4129490"]
[WhiteElo "2010"]
[BlackElo "1971"]
[Result "1-0"]
[Round "03"]
[TimeControl "180+2"]
[Date "2022.12.27"]
[WhiteClock "0:00:39"]
[BlackClock "0:00:01"]

1. e4 e5 2. Nf3 Nc6 3. Bc4 Nf6 4. d3 Be7 5. c3 O-O 6. Bb3 d5 7. Nbd2 a5 8. O-O a4 9. Bxa4 dxe4 10. dxe4 Bg4 11. Bc2 h6 12. h3 Bh5 13. Qe2 Bc5 14. Rd1 Qe7 15. Nf1 g5 16. Ng3 Bg6 17. b4 Bb6 18. a4 Nh5 19. a5 Nxg3 20. Qb5 Nh5 21. Bb2 Ba7 22. Qxb7 Qe6 23. Qxc7 Rfc8 24. Qd6 Nf4 25. Qxe6 Nxe6 26. b5 Nxa5 27. Rd7 Nc4 28. Raxa7 Rxa7 29. Rxa7 Nxb2 30. b6 Rxc3 31. b7 Rxc2 32. b8=Q+ Kg7 33. Qxe5+ Kh7 34. Qxe6 Rc1+ 35. Kh2 Nd3 36. Rxf7+ Bxf7 37. Qxf7+ Kh8 38. e5 Nxf2 39. e6 Rh1+ 40. Kg3 Ne4+ 41. Kg4 1-0


[Site "https://www.chess.com"]

[Event "Titled Tuesday Blitz December 27 Late 2022"]
[White "Popilski, Gil"]
[Black "Graif, William"]
[WhiteFideId "2809060"]
[BlackFideId "2609835"]
[WhiteElo "2443"]
[BlackElo "2304"]
[Result "1-0"]
[Round "03"]
[TimeControl "180+2"]
[Date "2022.12.27"]
[WhiteClock "0:01:13"]
[BlackClock "0:00:11"]

1. d4 Nf6 2. e3 g6 3. f4 Bg7 4. Nf3 O-O 5. Bd3 d6 6. e4 c5 7. dxc5 Qa5+ 8. Nc3 Qxc5 9. Qe2 Nc6 10. Be3 Qb4 11. O-O-O Be6 12. a3 Qa5 13. f5 Bd7 14. Nd2 Ne5 15. Rhf1 Nfg4 16. Nb3 Qd8 17. Bd4 Rc8 18. Kb1 Ba4 19. Nxa4 Nxd3 20. Qxd3 Ne5 21. Qh3 Qc7 22. Nc3 b5 23. Rf2 a5 24. Nd5 Qd7 25. Bxe5 Bxe5 26. f6 e6 27. Qh6 1-0


[Site "https://www.chess.com"]

[Event "Titled Tuesday Blitz December 27 Late 2022"]
[White "Preotu, Razvan"]
[Black "Melkumyan, Hrant"]
[WhiteFideId "2613280"]
[BlackFideId "13302485"]
[WhiteElo "2475"]
[BlackElo "2645"]
[Result "0-1"]
[Round "03"]
[TimeControl "180+2"]
[Date "2022.12.27"]
[WhiteClock "0:00:01"]
[BlackClock "0:01:10"]

1. e4 c5 2. Nf3 Nc6 3. Bb5 g6 4. O-O Bg7 5. Re1 e5 6. Bxc6 dxc6 7. d3 Qe7 8. a3 Nf6 9. b4 O-O 10. bxc5 Bg4 11. Nbd2 Nd7 12. a4 Rfd8 13. h3 Bxf3 14. Nxf3 Qxc5 15. Be3 Qd6 16. Qb1 b6 17. Nd2 Qe6 18. a5 b5 19. a6 Bf8 20. c3 Rdb8 21. Qc2 c5 22. Nf3 Rb6 23. d4 cxd4 24. cxd4 Rxa6 25. Ng5 Rxa1 26. Rxa1 Qc4 27. Qxc4 bxc4 28. d5 c3 29. Nf3 a5 30. Kf1 Nc5 31. Bxc5 Bxc5 32. Nxe5 a4 33. Ke2 c2 34. Nf3 Ba3 0-1


[Site "https://www.chess.com"]

[Event "Titled Tuesday Blitz December 27 Late 2022"]
[White "Przybylski, Wojciech"]
[Black "Oparin, Grigoriy"]
[WhiteFideId "1117599"]
[BlackFideId "24125890"]
[WhiteElo "2321"]
[BlackElo "2667"]
[Result "0-1"]
[Round "03"]
[TimeControl "180+2"]
[Date "2022.12.27"]
[WhiteClock "0:00:04"]
[BlackClock "0:00:16"]

1. e4 c5 2. Nf3 Nc6 3. Bb5 d6 4. O-O Nf6 5. Re1 Bd7 6. c3 a6 7. Bf1 Bg4 8. h3 Bxf3 9. Qxf3 g6 10. d3 Bg7 11. Bg5 O-O 12. Nd2 b5 13. Rad1 Rb8 14. g3 a5 15. Bg2 b4 16. Qe3 Nd7 17. Bh6 bxc3 18. bxc3 Bxc3 19. Bxf8 Nxf8 20. Rb1 Rc8 21. Rec1 Bg7 22. Kh2 Ne6 23. f4 Ned4 24. Nc4 a4 25. e5 dxe5 26. fxe5 h5 27. Nb6 Rb8 28. Nxa4 Rxb1 29. Rxb1 Nxe5 30. Nxc5 Kh7 31. Ne4 f6 32. Nf2 Nf5 33. Qe4 Qa5 34. g4 hxg4 35. Nxg4 Nf7 36. Qd5 Qc7+ 37. Kg1 Ng5 38. Rf1 Nh4 39. d4 Qg3 40. a4 Nxh3+ 41. Kh1 Qxg4 42. Qe4 Qg3 43. a5 f5 0-1


[Site "https://www.chess.com"]

[Event "Titled Tuesday Blitz December 27 Late 2022"]
[White "Rose, Felix"]
[Black "Yurovskykh, Oleksandr"]
[WhiteFideId "5105722"]
[BlackFideId "14134020"]
[WhiteElo "2091"]
[BlackElo "2328"]
[Result "1/2-1/2"]
[Round "03"]
[TimeControl "180+2"]
[Date "2022.12.27"]
[WhiteClock "0:00:56"]
[BlackClock "0:00:08"]

1. e4 d5 2. exd5 Qxd5 3. Nc3 Qd8 4. d4 Nf6 5. Nf3 Bg4 6. h3 Bxf3 7. Qxf3 c6 8. Bf4 e6 9. O-O-O Bb4 10. g4 Bxc3 11. Qxc3 Nd5 12. Qg3 Nxf4 13. Qxf4 Nd7 14. Bd3 Qb8 15. Qg5 h6 16. Qd2 Qd6 17. Be4 O-O-O 18. Qa5 Kb8 19. Rd3 Nf6 20. Bg2 Qf4+ 21. Qd2 Qxd2+ 22. Rxd2 Nd5 23. Bxd5 Rxd5 24. c3 Rhd8 25. Re2 h5 26. f4 Rh8 27. Rhh2 Kc7 28. Kc2 Rdd8 29. g5 g6 30. h4 Rd5 31. Re5 Rhd8 32. Rhe2 a5 33. Rxd5 Rxd5 34. Re5 Kd6 35. a4 b5 36. b3 bxa4 37. bxa4 Kc7 38. Rxd5 exd5 39. Kd3 Kd6 40. Ke3 Ke6 41. Kf2 f6 42. Ke3 Kf5 43. Kf3 Ke6 44. Ke3 Ke7 45. Kf3 Kf7 46. Ke3 Ke6 47. Ke2 fxg5 48. fxg5 Kd6 49. Ke3 Ke6 50. Kf4 Kd6 51. Ke3 Ke6 52. Kf4 Kd6 53. Ke3 1/2-1/2


[Site "https://www.chess.com"]

[Event "Titled Tuesday Blitz December 27 Late 2022"]
[White "Rosenberg, Evan S"]
[Black "Potapova, Margarita"]
[WhiteFideId "2019299"]
[BlackFideId "14126869"]
[WhiteElo "1956"]
[BlackElo "2104"]
[Result "1-0"]
[Round "03"]
[TimeControl "180+2"]
[Date "2022.12.27"]
[WhiteClock "0:00:09"]
[BlackClock "0:00:15"]

1. d4 Nf6 2. Nf3 d5 3. c3 g6 4. h3 Bg7 5. Bf4 O-O 6. Qc2 Bf5 7. Qb3 Nbd7 8. g4 Be4 9. Nbd2 c5 10. Qxb7 e5 11. dxe5 d4 12. Qb3 Rb8 13. Qa3 Qc7 14. exf6 Qxf4 15. fxg7 Rfe8 16. Bg2 d3 17. O-O dxe2 18. Rfe1 Bd3 19. Qxa7 Red8 20. b4 cxb4 21. cxb4 Rxb4 22. Qe3 Qd6 23. Rxe2 Bxe2 24. Qxe2 Nc5 25. Rf1 Rb2 26. Rd1 Rxa2 27. Qe3 Ne6 28. Bf1 Kxg7 29. Bc4 Rc2 30. Bxe6 fxe6 31. Kf1 Qa6+ 32. Qe2 Qd6 33. Ke1 Qb4 34. Qe5+ Kf7 35. Qe4 Qd6 36. Qe5 Qe7 37. Qe4 Qf6 38. Qxc2 Rd5 39. Qe4 Rd6 40. Ne5+ Ke7 41. Qb7+ Ke8 42. Qc8+ Rd8 43. Qc6+ Ke7 44. Ndf3 Rxd1+ 45. Kxd1 Qf4 46. Qd7+ Kf8 47. Qf7+ Qxf7 48. Nxf7 Kxf7 49. Ke2 Kf6 50. Ke3 e5 51. Ke4 Ke6 52. Nxe5 Ke7 53. f4 Kf8 54. f5 Ke8 55. fxg6 Kf8 56. gxh7 Ke8 57. h8=Q+ Ke7 58. Qg7+ Kd6 59. Qd7+ Kc5 60. Qd5+ Kb4 61. Kd3 Ka3 62. Qb5 Ka2 63. Kc2 Ka1 64. Qb1# 1-0


[Site "https://www.chess.com"]